 Dungeon Crawl Stone Soup version 0.26-a0-812-g31a745ddcd (webtiles) character file.

Game seed: 16945123291029792176

15915 kae the Carver (level 12, -4/107 HPs)
             Began as a Minotaur Fighter on Nov 25, 2020.
             Was an Elder of Qazlal.
             Slain by a death yak (17 damage)
             ... on level 11 of the Dungeon.
             The game lasted 00:11:17 (12863 turns).

kae the Carver (Minotaur Fighter)                  Turns: 12863, Time: 00:11:18

Health: -4/107     AC: 12    Str: 28    XL:     12   Next: 5%
Magic:  16/16      EV:  9    Int:  5    God:    Qazlal [****..]
Gold:   840        SH: 18    Dex: 15    Spells: 11/11 levels left

rFire    . . .     SeeInvis .   a - +1 long sword
rCold    + + .     Faith    .   c - +0 kite shield
rNeg     . . .     Spirit   .   b - +0 scale mail
rPois    +         Reflect  .   (helmet restricted)
rElec    .         Harm     .   q - +1 cloak
rCorr    .         Rampage  .   n - +0 pair of gloves
MR       +....                  (no boots)
Stlth    +.........             y - amulet of magic regeneration
HPRegen  0.27/turn              z - ring "Qucomun" {rC++ Str+3 Stlth+}
MPRegen  0.40/turn              x - ring of Panentheism {rPois MR+ Dex+4}

@: about to teleport, repel missiles
A: retaliatory headbutt, horns 2
a: Upheaval, Elemental Force, Renounce Religion


You were on level 11 of the Dungeon.
You worshipped Qazlal.
Qazlal was greatly pleased with you.
You visited 2 branches of the dungeon, and saw 12 of its levels.
You also visited: Ice Cave.

You collected 912 gold pieces.
You spent 72 gold pieces at shops.

Inventory:

Hand Weapons
 a - a +1 long sword (weapon)
Armour
 b - a +0 scale mail (worn)
 c - a +0 kite shield (worn)
 n - a +0 pair of gloves (worn)
 q - a +1 cloak (worn)
Jewellery
 e - an uncursed amulet of the acrobat
 f - an uncursed ring of protection from cold
 i - an uncursed ring of flight
 o - an uncursed amulet of guardian spirit
 s - an uncursed ring of protection from magic
 v - an uncursed amulet of faith
 x - the ring of Panentheism (right hand) {rPois MR+ Dex+4}
   (You found it in an ice cave)

   [ring of poison resistance]

   It affects your dexterity (+4).
   It protects you from poison.
   It affects your resistance to hostile enchantments.
 y - an amulet of magic regeneration (around neck)
 z - the ring "Qucomun" (left hand) {rC++ Str+3 Stlth+}
   (You took it off a deep elf mage on level 9 of the Dungeon)

   [ring of stealth]

   It affects your strength (+3).
   It greatly protects you from cold.
   It makes you more stealthy.
 B - an uncursed amulet of regeneration
Wands
 j - a wand of flame (3)
 C - a wand of polymorph (9)
Scrolls
 d - 4 scrolls of teleportation
 g - 2 scrolls of blinking
 l - a scroll of fog
 r - a scroll of enchant armour
 A - a scroll of holy word
 D - a scroll of remove curse
Potions
 h - 4 potions of lignification
 k - 4 potions of cancellation
 m - 8 potions of curing
 p - 4 potions of invisibility
 t - 2 potions of attraction
 u - a potion of brilliance
 w - a potion of flight


   Skills:
 + Level 10.5 Fighting
 * Level 13.8 Long Blades
 + Level 10.4 Armour
 + Level 10.5 Shields
 + Level 6.8 Invocations


You had 11 spell levels left.
You didn't know any spells.
Your spell library contained the following spells:

 Spells                   Type           Power        Failure   Level
 Haunt                    Necr/Summ      #.........   100%        7
 Borgnjor's Revivificati  Necr           #.........   100%        8
 Infestation              Necr           #.........   100%        8
 Necromutation            Tmut/Necr      #.........   100%        8
 Death's Door             Necr           #.........   100%        9


Dungeon Overview and Level Annotations

Branches:
Dungeon (11/15)            Temple (1/1) D:4            Lair (0/6) D:11
    Orc (0/2) D:9           IceCv (visited)

Altars:
Ashenzari
Cheibriados
Dithmenos
Elyvilon
Fedhas
Gozag
Hepliaklqana
Kikubaaqudgha
Makhleb
Nemelex Xobeh
Okawaru
Qazlal
Ru
Sif Muna
Trog
Uskayaw
Vehumet
Wu Jian
Xom
Yredelemnul
Zin
The Shining One
Lugonu

Shops:
D:6 *   D:9 ((

Annotations:
D:3 2 transporters
D:4 3 runed translucent doors, HunterMK's ghost, amateur GrFi
D:10 1 exclusion


Innate Abilities, Weirdness & Mutations

You reflexively headbutt those who attack you in melee.
You have a pair of horns on your head.


Message History

You see here a quokka corpse.
You barely miss the death yak.
You headbutt the death yak, but do no damage.
The death yak is lightly wounded.
The death yak gores you. You block the death yak's attack.
The death yak snorts and paws the ground.
You slash the death yak!
The death yak is moderately wounded.
The death yak gores you!
* * * LOW HITPOINT WARNING * * *
You hit the death yak but do no damage. You headbutt the death yak!
The death yak is heavily wounded.
The death yak gores you!
* * * LOW HITPOINT WARNING * * *
The death yak gores you but does no damage.
As you read the scroll of teleportation, it crumbles to dust.
You feel strangely unstable. You block the death yak's attack.
The death yak gores you!
You die...

#.....#......#...###
#.....#.######...#
#.....#.#........#
#.....###........# ..#...
.............# ........
.............# ##......>.#
...........○.# #.....#...#
..........○..# #........#.
..........○@Y# #..Y.......
...####'####Y####.#........
...#.......#C..............
.. #.......#....>........C.
#.......'...............
#########....†.†........
..>...............####
###################


You could see 2 death yaks and a cyclops.

Vanquished Creatures
  A two-headed ogre (D:9)
  A death yak (D:11)
  An unseen horror (D:10)
  Pikel (D:8)
  A deep elf mage (D:9)
  3 ugly things
  3 ice statues (IceCv)
  A gargoyle (D:9)
  Maggie (D:6)
  2 ice devils (D:11)
  3 trolls
  A shadow (D:9)
  6 yaks
  Eustachio (D:6)
  A wyvern (D:8)
  A vampire (D:9)
  2 wraiths
  Menkaure (D:6)
  8 orc warriors
  11 ice beasts
  A hornet zombie (D:10)
  3 sky beasts
  4 black bears
  8 ogres
  4 phantoms
  10 centaurs
  A big kobold (D:9)
  5 bullfrogs
  A wyvern zombie (D:11)
  4 scorpions
  4 wights (D:9)
  17 killer bees
  A howler monkey (D:4)
  2 centaur zombies
  2 bullfrog zombies
  5 hounds
  3 jellies
  2 bullfrog skeletons
  2 centaur skeletons
  4 orc priests
  14 orc wizards
  Natasha (thrice) (D:3)
  5 iguanas
  2 hell rats (D:11)
  4 worker ants
  A killer bee zombie (D:9)
  A mummy (D:6)
  4 gnolls (D:10)
  A howler monkey skeleton (D:5)
  A river rat (D:11)
  10 adders
  2 shadow imps
  4 white imps
  2 ufetubi
  2 oozes
  An adder zombie (D:6)
  4 worms
  3 dart slugs (D:1)
  4 leopard geckos
  38 orcs
  12 bats
  4 giant cockroaches
  5 goblins
  6 hobgoblins
  13 jackals
  9 quokkas
  7 frilled lizards
  2 gnoll zombies (D:2)
  A jackal zombie (D:7)
  12 kobolds
  10 rats
320 creatures vanquished.

Vanquished Creatures (others)
  4 plants (D:3)
4 creatures vanquished.

Grand Total: 324 creatures vanquished

Notes
Turn   | Place    | Note
-------+----------+-------------------------------------------
     0 | D:1      | kae the Minotaur Fighter began the quest for the Orb.
     0 | D:1      | Reached XP level 1. HP: 19/19 MP: 0/0
   134 | D:1      | Reached XP level 2. HP: 26/27 MP: 1/1
   265 | D:1      | Reached skill level 3 in Long Blades
   470 | D:1      | Reached XP level 3. HP: 33/33 MP: 2/2
   911 | D:2      | Found a basalt altar of Yredelemnul.
   989 | D:2      | Found a sacrificial altar of Ru.
  1129 | D:2      | Found an ornate altar of the Wu Jian Council.
  1213 | D:3      | Reached XP level 4. HP: 39/40 MP: 3/3
  1232 | D:3      | Reached skill level 4 in Long Blades
  1268 | D:3      | Found a glowing golden altar of the Shining One.
  1391 | D:3      | Noticed Natasha
  1399 | D:3      | Killed Natasha
  1399 | D:3      | Reached XP level 5. HP: 47/47 MP: 4/4
  1403 | D:3      | Noticed Natasha
  1413 | D:3      | Killed Natasha
  1506 | D:3      | Noticed Natasha
  1515 | D:3      | Killed Natasha
  1600 | D:3      | Found an iron altar of Okawaru.
  1774 | D:3      | Found a transporter.
  1780 | D:3      | Found a transporter.
  1834 | D:3      | Identified the +9 halberd of the Grey Skies {venom, Int+3}
  1841 | D:3      | Reached skill level 5 in Long Blades
  1999 | D:4      | Found a staircase to the Ecumenical Temple.
  2010 | D:4      | Reached XP level 6. HP: 55/55 MP: 5/5
  2017 | Temple   | Entered the Ecumenical Temple
  2020 | Temple   | Reached skill level 5 in Fighting
  2033 | Temple   | Reached skill level 5 in Shields
  2231 | D:4      | Found a runed translucent gate.
  2236 | D:4      | Found a runed translucent gate.
  2236 | D:4      | Found a runed translucent gate.
  2239 | D:4      | Noticed HunterMK's ghost (amateur GrFi)
  2288 | D:4      | Reached skill level 5 in Armour
  2631 | D:4      | Reached skill level 6 in Long Blades
  2665 | D:4      | Reached XP level 7. HP: 61/61 MP: 6/6
  2902 | D:5      | Entered Level 5 of the Dungeon
  2961 | D:5      | Found a glowing silver altar of Zin.
  3275 | D:5      | Reached skill level 7 in Long Blades
  3352 | D:5      | Reached XP level 8. HP: 61/70 MP: 5/7
  3807 | D:5      | Reached skill level 8 in Long Blades
  4024 | D:5      | Found a stormy altar of Qazlal.
  4069 | D:5      | Became a worshipper of Qazlal Stormbringer
  4213 | D:6      | Reached skill level 1 in Invocations
  4260 | D:6      | Noticed Eustachio
  4287 | D:6      | Killed Eustachio
  4479 | D:6      | Noticed Menkaure
  4702 | D:6      | Killed Menkaure
  4702 | D:6      | Reached skill level 9 in Long Blades
  4723 | D:6      | Reached XP level 9. HP: 40/79 MP: 9/9
  4756 | D:6      | Found a white marble altar of Elyvilon.
  4771 | D:6      | Found a shadowy altar of Dithmenos.
  4965 | D:6      | Reached * piety under Qazlal
  5026 | D:6      | Noticed Maggie
  5063 | D:6      | Killed Maggie
  5302 | D:6      | Found Qeicw's General Store.
  5321 | D:6      | Bought 2 potions of lignification for 72 gold pieces
  5489 | D:7      | Reached skill level 10 in Long Blades
  5595 | D:7      | Noticed a white ugly thing
  5604 | D:7      | Found a hazy altar of Hepliaklqana.
  6001 | D:6      | Killed a white ugly thing
  6304 | D:7      | Found a shimmering altar of Xom.
  6354 | D:7      | Found a bloodstained altar of Trog.
  6364 | D:7      | Reached XP level 10. HP: 88/88 MP: 11/11
  6410 | D:7      | Found an opulent altar of Gozag.
  6593 | D:7      | Found a shadowy altar of Dithmenos.
  6694 | D:8      | Found a blossoming altar of Fedhas.
  7274 | D:8      | Reached skill level 11 in Long Blades
  7296 | D:8      | Noticed Pikel
  7314 | D:8      | Killed Pikel
  7642 | D:9      | Reached ** piety under Qazlal
  7666 | D:9      | Noticed a two-headed ogre
  7688 | D:9      | Killed a two-headed ogre
  7723 | D:9      | Reached skill level 5 in Invocations
  7945 | D:9      | Identified the +9 long sword of Honesty {protect, *Noise
                  | +Inv rN+ Dex+2}
  7945 | D:9      | Identified the ring of Fun {rF+ EV+4 Int+3}
  7945 | D:9      | Noticed a death knight
  8386 | D:9      | Identified the ring "Qucomun" {rC++ Str+3 Stlth+}
  8386 | D:9      | Noticed a deep elf mage
  8650 | D:9      | Killed a deep elf mage
  8650 | D:9      | Reached skill level 12 in Long Blades
  9076 | D:9      | Reached XP level 11. HP: 86/97 MP: 10/14
  9223 | D:9      | Found a basalt altar of Yredelemnul.
  9252 | D:9      | Reached *** piety under Qazlal
  9431 | D:9      | Found Cayggo's Antique Weapon Shoppe.
  9431 | D:9      | Found a stormy altar of Qazlal.
  9742 | D:9      | Found Miur's Weapon Boutique.
  9744 | D:9      | Found a staircase to the Orcish Mines.
  9790 | D:10     | Entered Level 10 of the Dungeon
 11039 | D:10     | Reached **** piety under Qazlal
 11347 | D:10     | Killed an unseen horror
 11347 | D:10     | Reached skill level 10 in Fighting
 11347 | D:10     | Reached skill level 13 in Long Blades
 11829 | D:11     | Reached skill level 10 in Shields
 11861 | D:11     | Reached skill level 10 in Armour
 12171 | D:11     | Found a frozen archway.
 12401 | IceCv    | Entered an ice cave
 12519 | IceCv    | Noticed a white ugly thing
 12529 | IceCv    | Killed a white ugly thing
 12617 | IceCv    | Noticed a white ugly thing
 12644 | IceCv    | Killed a white ugly thing
 12751 | IceCv    | Got a coiled silver ring
 12765 | IceCv    | Identified the ring of Panentheism {rPois MR+ Dex+4} (You
                  | found it in an ice cave)
 12831 | D:11     | Found a staircase to the Lair.
 12832 | D:11     | Noticed a death yak
 12833 | D:11     | Noticed a death yak
 12835 | D:11     | Reached XP level 12. HP: 107/107 MP: 16/16
 12854 | D:11     | Killed a death yak
 12855 | D:11     | Noticed a death yak
 12863 | D:11     | Slain by a death yak

Illustrated notes

Levels and vault maps discovered:
D:1:      elethiomel_arrival_shortcut, layout_rooms
D:2:      layout_rooms, lemuel_zombie_altar_yredelemnul, lemuel_round_altar,
          nicolae_ru_great_annihilating_truth
D:3:      layout_basic, okawaru_ov_weapons_minmay,
          gammafunk_ghost_gnarly_gnolls, nicolae_tso_carved_into_rock,
          uniq_natasha
D:4:      layout_loops_cross, minmay_temple_entry_slanted,
          gammafunk_ghost_necromancy
D:5:      layout_loops_ring, zin_statuary, lemuel_doored_altar, chequers_garden
D:6:      layout_rooms, marbit_many_paths, old_standard_altar, serial_shops,
          shop_coins, gup_ossuary_entry_pyramid, uniq_eustachio, uniq_menkaure,
          uniq_maggie
D:7:      layout_rooms, old_standard_altar, trog_ov_bears_minmay,
          lemuel_crystal_altar, nicolae_overflow_hidden_temple,
          nicolae_dithmenos_through_a_glass_darkly
D:8:      layout_basic, lemuel_round_altar, serial_rivers,
          chequers_serial_rivers_small_b, chequers_serial_rivers_small_b,
          chequers_serial_rivers_large_a, chequers_serial_rivers_micro_e,
          chequers_serial_rivers_small_a, minmay_misc_feat_more_columns,
          uniq_pikel
D:9:      minmay_the_grid_octo_tiled_squarecenter
          [minmay_the_grid_octo_concentric,
          minmay_the_grid_octo_vomiting_pacman, minmay_the_grid_octo_horde,
          minmay_the_grid_octo_checkered,
          minmay_the_grid_square_5x5_megaprize_checkered,
          minmay_the_grid_square_5x5_almost_minimal,
          minmay_the_grid_square_5x5_corner, minmay_the_grid_square_5x5_inset,
          minmay_the_grid_square_5x5_checkered_statues], layout_rooms,
          orc_david_3, serial_shops, nicolae_shop_statue_plus,
          nicolae_qazlal_style_of_elements
D:10:     layout_gridville
D:11:     nzn_motion_control, layout_irregular_city, dpeg_lair_monsters,
          portal_ice_cave_demonic_guard, chequers_serial_rivers_micro_d
Temple:   corrupted_temple

Skill      XL: |  1  2  3  4  5  6  7  8  9 10 11 |
---------------+----------------------------------+-----
Long Blades    | 3 4 5 6 7 9 10 12 13 | 13.8
Shields        | 4 5 6 7 8 9 10 | 10.5
Fighting       | 4 5 6 7 8 9 10 | 10.5
Armour         | 4 5 6 7 8 9 10 | 10.4
Invocations    | 2 3 5 6 |  6.8

Action                   |  1- 3 |  4- 6 |  7- 9 | 10-12 || total
-------------------------+-------+-------+-------+-------++-------
Melee: Long sword        |   100 |   151 |   297 |   679 ||  1227
       Headbutt          |    18 |    22 |    62 |   178 ||   280
  Use: Scroll            |       |       |    12 |     9 ||    21
       Potion            |       |       |     4 |       ||     4
 Stab: Paralysed         |     1 |       |       |       ||     1
Armor: Scale mail        |    34 |    72 |   184 |   190 ||   480
Dodge: Dodged            |    34 |    49 |   103 |   139 ||   325
       Repelled          |       |       |       |     2 ||     2
Block: Kite shield       |    61 |    90 |   186 |   462 ||   799
       Rpst.: Long sword |    10 |    16 |    10 |    43 ||    79

Table legend: (Time is in decaauts)
 A = Elapsed time spent in this place.
 B = Non-inter-level travel time spent in this place.
 C = Inter-level travel time spent in this place.
 D = Time resting spent in this place.
 E = Time spent auto-exploring this place.
 F = Levels seen in this place.
 G = Mean time per level.
                   A        B        C        D        E       F      G
               +--------+--------+--------+--------+--------+-----+--------+
         Total |  12829 |  12505 |    324 |   2409 |   7498 |  13 |  986.8 |
       Dungeon |  12265 |  11951 |    314 |   2256 |   7299 |  11 | 1115.0 |
        Temple |    194 |    184 |     10 |      0 |    159 |   1 |  194.0 |
      Ice Cave |    368 |    368 |      0 |    153 |     40 |   1 |  368.0 |
               +--------+--------+--------+--------+--------+-----+--------+

Top non-repeatable levels by time:
    D:10: 2010 daAuts
     D:6: 1709 daAuts
     D:8: 1580 daAuts
     D:5: 1474 daAuts
     D:9: 1375 daAuts
     D:3: 807 daAuts
     D:4: 747 daAuts
     D:7: 721 daAuts
    D:11: 621 daAuts
     D:2: 618 daAuts
     D:1: 598 daAuts
   IceCv: 368 daAuts
  Temple: 194 daAuts
